Cogmind - Beta 16.1 @@@ ROGUE MODE // 2026.04.24 @ 17:35:24 Player: Tibo Result: Destroyed by C-40 Crusher with Compactor Performance ------------- Evolutions (4) 2000 Regions Visited (10) 2000 Robots Destroyed (72) 360 Value Destroyed (2054) 2054 Prototype IDs (27) 540 Alien Tech Used (0) 0 Bonus (300) 300 TOTAL SCORE: 7254 Bonus ------- Aligned with FarCom 300 Cogmind --------- Core Integrity 0/850 Matter 206/300 Energy 100/100 System Corruption 10% Temperature Cool (1) Movement Flying (40) Location -6/Waste Parts ------- > --- POWER (1) -------- (None) > --- PROPULSION (4) --- Field Propulsion Array > --- UTILITY (6) ------ Advanced Weight Redist. System Advanced Weight Redist. System Advanced ECM Suite > --- WEAPON (4) ------- Power Sword > --- INVENTORY (5) ---- Flexi-carbon Leg Wheel Dispersion Rifle Power Sword Power Sword Peak State ------------ > --- POWER ------------ Deuterium Engine > --- PROPULSION ------- Gravmag System Gravmag System Gravmag System Gravmag System > --- UTILITY ---------- Advanced Signal Interpreter IFF Parser Advanced Melee Analysis Suite Focal Shield Trap Reconfigurator > --- WEAPON ----------- Pulse Rifle Gauss Rifle Chainsword > --- INVENTORY -------- Deuterium Engine Reinforced Deuterium Engine Wheel Nuclear Pulse Thruster [Rating: 60] Favorites ----------- Power Deuterium Engine Engine Deuterium Engine Power Core Light Nuclear Core Propulsion Aluminum Leg Leg Aluminum Leg Wheel Wheel Hover Unit Gravmag System Flight Unit Nuclear Pulse Thruster Utility Small Storage Unit Device Improved Terrain Scanner Storage Small Storage Unit Processor Improved Signal Interpreter Protection Light Armor Plating Weapon Minigun Energy Gun Improved Medium Laser Energy Cannon EM Pulse Cannon Ballistic Gun Minigun Launcher Grenade Launcher Slashing Weapon Chainsword Build | -11 -10 -10 -9 -9 -9 -8 -8 -7 -6 -6 ------- Run | Yrd Mat Min Mat Min Exi Min Mat Fac Fac Was Slots Evolved 8 | . . . 2 . . . 2 2 2 . Power . | . . . . . . . . . . . Propulsion 2 | . . . 1 . . . . . 1 . Utility 4 | . . . 1 . . . 1 1 1 . Weapon 2 | . . . . . . . 1 1 . . Parts Attached 87 | 9 6 2 6 1 1 6 12 . 40 4 Power 11 | 1 3 . 1 . . 2 1 . 3 . Engine 10 | 1 3 . 1 . . 1 1 . 3 . Core 1 | . . . . . . 1 . . . . Reactor . | . . . . . . . . . . . Propulsion 23 | 2 1 2 . . . 3 1 . 13 1 Treads . | . . . . . . . . . . . Leg 12 | 2 1 . . . . 3 1 . 5 . Wheel 4 | . . 2 . . . . . . 2 . Hover 5 | . . . . . . . . . 5 . Flight 2 | . . . . . . . . . 1 1 Utility 29 | 3 1 . 3 . 1 . 4 . 15 2 Device 18 | 2 . . 2 . . . 1 . 11 2 Storage 3 | 1 . . . . 1 . 1 . . . Processor 3 | . . . . . . . 1 . 2 . Hackware . | . . . . . . . . . . . Protection 5 | . 1 . 1 . . . 1 . 2 . Artifact . | . . . . . . . . . . . Weapon 24 | 3 1 . 2 1 . 1 6 . 9 1 Energy Gun 6 | 1 . . . . . . 3 . 1 1 Energy Cannon 2 | . . . . . . . 1 . 1 . Ballistic Gun 8 | 2 1 . 2 . . 1 1 . 1 . Ballistic Cannon . | . . . . . . . . . . . Launcher 5 | . . . . 1 . . . . 4 . Special Weapon . | . . . . . . . . . . . Impact Weapon . | . . . . . . . . . . . Slashing Weapon 3 | . . . . . . . 1 . 2 . Piercing Weapon . | . . . . . . . . . . . Special Melee Weapon . | . . . . . . . . . . . Unidentified Prototypes 4 | . . . . . . . 3 . 1 . Parts Lost 48 | . 6 . 1 . . 2 1 . 37 1 Power 7 | . 3 . . . . 1 . . 3 . Propulsion 14 | . 1 . . . . . . . 13 . Utility 16 | . 1 . 1 . . . 1 . 12 1 Weapon 11 | . 1 . . . . 1 . . 9 . Highest Loss Streak 9 | . 2 . 1 . . 2 1 . 9 1 To Critical Strikes . | . . . . . . . . . . . Average Backups 6 | 3 7 5 6 6 7 7 7 7 4 4 Power 1 | . . . . 1 1 . 1 1 2 . Propulsion 1 | 1 2 1 . . . 1 1 1 . 1 Utility 1 | . 3 2 . . . 2 1 1 . . Weapon 3 | 1 2 2 4 5 5 4 4 4 1 3 Tool/Special . | . . . . . . . . . . . Unused Backups 5 | . . . . . . . 2 . 2 1 Power . | . . . . . . . . . . . Propulsion 1 | . . . . . . . . . . 1 Utility 1 | . . . . . . . 1 . . . Weapon 3 | . . . . . . . 1 . 2 . Tool/Special . | . . . . . . . . . . . Average Slot Usage (%) 87 | . 96 92 95 100 100 100 98 84 64 44 Engine 6 | . 13 14 11 11 11 . 9 7 4 . Core 2 | . . . . . . 10 . . . . Leg 19 | . 26 3 8 11 11 32 27 23 10 . Wheel 4 | . . 24 22 22 22 . . . . . Hover 1 | . . . . . . . . . 5 6 Device 11 | . 11 7 17 11 11 11 9 7 11 30 Storage 8 | . 14 14 11 11 11 11 9 7 3 . Processor 4 | . . . . . . . 7 7 8 . Protection 6 | . 2 . 2 11 11 11 8 7 2 . Energy Gun 2 | . . . . . . . 7 . 1 . Energy Cannon 1 | . . . . . . . 7 7 . . Ballistic Gun 12 | . 27 28 22 13 11 21 10 7 4 . Launcher 2 | . . . . 8 11 . . . 2 . Slashing Weapon 1 | . . . . . . . . 7 4 6 Peak Build Rating 60 | 8 8 7 19 17 16 20 30 30 60 48 Average Rating 25 | 5 7 7 15 15 15 19 25 30 39 35 On Entrance 15 | . 8 6 7 17 15 16 20 30 30 21 Avg Prop Armor Cover (%) 5 | . . . 6 5 5 6 . . 4 6 Naked Turns 63 | . . . . . . . . . 63 . Heaviest Build 48 | 12 13 11 22 22 22 20 31 31 48 8 Greatest Support 48 | 20 20 26 26 26 26 33 38 38 48 15 Greatest Overweight (x) 8 | . 1 . . . . 1 . . 8 . Average Overweight (x) . | . . . . . . . . . . . Largest Inventory Capacity 8 | 8 8 8 8 8 8 8 8 8 8 5 Average Capacity 7 | 7 8 8 8 8 8 8 8 8 6 5 Most Carried 8 | 8 8 6 8 7 8 8 8 8 8 5 Average Carried 6 | 3 7 5 6 6 7 7 7 8 4 4 Final Capacity 8 | 8 8 8 8 8 8 8 8 8 5 5 Final Carried 8 | 8 7 5 6 7 8 8 8 8 4 5 Class Distribution -------------------- 39% | Scavenger-Skirmisher 37% | Mutant 14% | Scavenger-Assassin 4% | Scavenger-Mutant Dominant Class ---------------- Mutant | -10/Materials Mutant | -10/Mines Mutant | -9/Materials Mutant | -9/Mines Mutant | -9/Exiles Scavenger-Skirmisher | -8/Mines Scavenger-Skirmisher | -8/Materials Scavenger-Assassin | -7/Factory Mutant | -6/Factory Mutant | -6/Waste Resources | -11 -10 -10 -9 -9 -9 -8 -8 -7 -6 -6 ----------- Run | Yrd Mat Min Mat Min Exi Min Mat Fac Fac Was Matter Collected 1781 | 334 192 . 248 . 34 148 286 . 471 68 Remotely . | . . . . . . . . . . . Salvage Created 2929 | 222 351 . 325 . . 136 713 . 1114 68 Parts 167 | 18 21 . 29 . . 6 34 . 56 3 Haulers Intercepted 1 | . . . . . . . 1 . . . Recyclers Shooed 3 | . . . . . . . . . 3 . Parts Field Recycled . | . . . . . . . . . . . Retrieved Matter . | . . . . . . . . . . . Parts Self-Destructed . | . . . . . . . . . . . Prevented . | . . . . . . . . . . . Parts Restored . | . . . . . . . . . . . Kills | -11 -10 -10 -9 -9 -9 -8 -8 -7 -6 -6 ------- Run | Yrd Mat Min Mat Min Exi Min Mat Fac Fac Was Combat Hostiles Destroyed 41 | . 9 . 6 . . 3 10 . 12 1 Melee 4 | . . . . . . . . . 3 1 Guns 24 | . 9 . 6 . . 2 5 . 2 . Cannons 7 | . . . . . . . 5 . 2 . AOE 6 | . . . . . . 1 . . 5 . Classes Destroyed 16 | 3 2 . 3 . . 1 4 . 3 . Worker 8 | 2 2 . . . . . . . 4 . Builder 5 | . . . . . . . . . 5 . Tunneler 5 | 4 . . . . . . . . 1 . Hauler 1 | . . . . . . . 1 . . . Recycler 5 | 1 . . 1 . . . 1 . 2 . Mechanic 1 | . . . 1 . . . . . . . Operator 2 | . . . 1 . . . 1 . . . Watcher 4 | . . . . . . . 4 . . . Swarmer 9 | . 3 . 3 . . . 2 . 1 . Grunt 15 | . 6 . . . . 2 3 . 4 . Brawler 1 | . . . . . . . 1 . . . Duelist 1 | . . . . . . 1 . . . . Sentry 6 | . . . 3 . . . 3 . . . Specialist 4 | . . . . . . . . . 4 . Hunter 2 | . . . . . . . 1 . . 1 Programmer 3 | . . . . . . . . . 3 . Best Kill Streak 6 | 5 6 . 4 . . 2 4 . 5 1 Combat Bots Only 4 | . 4 . 3 . . 2 3 . 3 1 Max Kills in Single Turn 5 | 1 1 . 2 . . 1 2 . 5 1 Gunslinging 1 | . . . 1 . . . . . . . Exploded 3 | . . . . . . 1 . . 3 . Melee 1 | . . . . . . . . . 1 1 Uniques/NPCs Destroyed . | . . . . . . . . . . . Combat | -11 -10 -10 -9 -9 -9 -8 -8 -7 -6 -6 -------- Run | Yrd Mat Min Mat Min Exi Min Mat Fac Fac Was Hostile Shots Fired 480 | . 103 . 36 2 . 24 37 . 277 1 Missed 167 | . 30 . 12 1 . 5 14 . 105 . Hits 313 | . 73 . 24 1 . 19 23 . 172 1 Melee 1 | . . . . . . . . . . 1 Projectile 312 | . 73 . 24 1 . 19 23 . 172 . AOE 1 | . . . . . . . . . 1 . Critical Strikes 18 | . . . . . . 2 3 . 12 1 Part Disruptions 2 | . . . . . . . . . 2 . Damage Taken 5355 | . 789 . 253 12 . 336 357 . 3571 37 Core 1100 | . 153 . 25 . . . 65 . 820 37 Absorbed by Shields . | . . . . . . . . . . . Ignored by Resistances 53 | . . . . . . . . . 53 . Regen/Repaired (Parts) 74 | . . . 74 . . . . . . . Core Remaining (%) 83 | 100 . 38 . . . 93 88 100 . . Volleys Fired 171 | 13 45 . 22 2 . 10 34 . 45 . Largest 3 | 2 2 . 2 2 . 2 3 . 2 . Hottest 144 | 60 40 . 50 55 . 55 144 . 91 . Shots Fired 332 | 26 82 . 44 3 . 20 90 . 67 . Gun 268 | 26 82 . 44 2 . 19 61 . 34 . Cannon 43 | . . . . . . . 29 . 14 . Launcher 21 | . . . . 1 . 1 . . 19 . Special . | . . . . . . . . . . . Kinetic 233 | 24 82 . 44 2 . 19 34 . 28 . Thermal 35 | 2 . . . . . . 27 . 6 . Explosive 13 | . . . . 1 . 1 . . 11 . Electromagnetic 51 | . . . . . . . 29 . 22 . Robot Hit Streak 12 | 8 12 . 6 . . 10 6 . 9 . Robot Miss Streak 11 | 3 3 . 11 3 . 1 6 . 3 . Penetration Max . | . . . . . . . . . . . Secondary Targets 2 | . 1 . 1 . . . . . . . Max Gunslinging Chain 1 | . 1 . 1 . . . . . . . Shots Hit Robots 221 | 17 49 . 22 . . 15 50 . 67 1 Core Hits 113 | 10 21 . 13 1 . 7 26 . 34 1 Critical Kills . | . . . . . . . . . . . Critical Parts Destroyed . | . . . . . . . . . . . Critical Strikes 3 | . . . . . . . 1 . 2 . Burn 2 | . . . . . . . 1 . 1 . Sever 1 | . . . . . . . . . 1 . Melee Attacks 27 | . . . . . . . . . 26 1 Impact . | . . . . . . . . . . . Slashing 27 | . . . . . . . . . 26 1 Piercing . | . . . . . . . . . . . Sneak Attacks 10 | . . . . . . . . . 9 1 Combat Hostiles . | . . . . . . . . . . . Follow-up Attacks . | . . . . . . . . . . . Damage Inflicted 5937 | 204 521 . 380 18 . 272 1455 . 2986 101 Guns 2296 | 204 520 . 361 . . 187 575 . 449 . Cannons 726 | . . . . . . . 515 . 211 . Explosions 1580 | . . . . 18 . 85 365 . 1112 . Melee 1285 | . . . . . . . . . 1184 101 Ramming 50 | . 1 . 19 . . . . . 30 . Kinetic 1879 | 181 520 . 361 . . 187 282 . 348 . Thermal 751 | 23 . . . . . . 627 . 101 . Explosive 1036 | . . . . 18 . 85 . . 933 . Electromagnetic 936 | . . . . . . . 546 . 390 . Impact . | . . . . . . . . . . . Slashing 1285 | . . . . . . . . . 1184 101 Piercing . | . . . . . . . . . . . Highest Corruption 10 | . . . . . . . 1 . 10 10 Average Corruption 3 | . . . . . . . 1 . 6 10 Corruption Purged . | . . . . . . . . . . . Corruption Blocked . | . . . . . . . . . . . Effects 37 | . . . . . . . 13 . 22 2 Message Errors 12 | . . . . . . . 3 . 9 . Matter Fused 5 | . . . . . . . 1 . 4 . Heat Flow Errors 7 | . . . . . . . 2 . 4 1 Energy Discharges 5 | . . . . . . . 2 . 3 . Parts Fused 1 | . . . . . . . 1 . . . Data Loss (minor) 6 | . . . . . . . 4 . 2 . Misdirections 1 | . . . . . . . . . . 1 Overload Shots . | . . . . . . . . . . . Overflow Damage 380 | . . . . . . . 106 . 274 . Projectiles 37 | . . . . . . . 37 . . . Explosions 163 | . . . . . . . 69 . 94 . Melee 180 | . . . . . . . . . 180 . Knockbacks . | . . . . . . . . . . . Impact . | . . . . . . . . . . . Kinetic . | . . . . . . . . . . . Secondary . | . . . . . . . . . . . Self-Inflicted Damage 136 | . . . 9 . . 37 37 . 53 . Shots 6 | . . . . . . 1 2 . 3 . Rammed 8 | . . . 1 . . . . . 7 . Targets Rammed 17 | . 3 . 1 . . . . . 13 . Kicked 9 | . 3 . . . . . . . 6 . Crushed . | . . . . . . . . . . . Highest Temperature 278 | . 18 . 26 16 . 74 278 . 261 96 Average Temperature 63 | . 7 . 8 10 . 46 90 . 50 60 Received Heat Transfer 1419 | . 339 . 27 . . 207 153 . 693 . Effects 5 | . . . . . . . 4 . 1 . Energy Bleed 1 | . . . . . . . 1 . . . Interference 4 | . . . . . . . 3 . 1 . Siege Activations . | . . . . . . . . . . . Martial Activations . | . . . . . . . . . . . Shielding Activations . | . . . . . . . . . . . Robots Disrupted . | . . . . . . . . . . . Combat Hostiles . | . . . . . . . . . . . Robots Corrupted . | . . . . . . . . . . . Combat Hostiles . | . . . . . . . . . . . Parts Fried 3 | . . . . . . . 2 . 1 . Impact Corruptions . | . . . . . . . . . . . Robots Melted . | . . . . . . . . . . . Combat Hostiles . | . . . . . . . . . . . Parts Melted 3 | . . . . . . . 1 . 2 . Heat Transferred 1262 | 50 . . . . . . 953 . 259 . Parts Sabotaged . | . . . . . . . . . . . Parts Stolen . | . . . . . . . . . . . Parts Stripped . | . . . . . . . . . . . Power Chain Reactions 3 | . . . . . . . 2 . 1 . Alert | -11 -10 -10 -9 -9 -9 -8 -8 -7 -6 -6 ------- Run | Yrd Mat Min Mat Min Exi Min Mat Fac Fac Was Maximum Alert Level 1 | . 1 . . . . . . . 1 . Low Security (%) 92 | 100 63 100 100 100 . 100 100 100 83 100 Level 1 7 | . 36 . . . . . . . 16 . Level 2 . | . . . . . . . . . . . Level 3 . | . . . . . . . . . . . Level 4 . | . . . . . . . . . . . Level 5 . | . . . . . . . . . . . High Security . | . . . . . . . . . . . Max Security . | . . . . . . . . . . . Peak Influence 276 | 5 240 66 111 43 . 46 180 83 276 56 Initial 77 | . . 66 21 43 . . . 77 35 36 Average 55 | 1 131 63 42 9 . 2 57 76 89 41 Influence Increases 2108 | 35 346 . 209 9 . 76 513 6 894 20 Destroy 0b10 Robot/C 820 | . 180 . 120 . . 60 200 . 240 20 Destroy 0b10 Robot/NC 155 | 35 10 . 15 . . . 35 . 60 . Destroy Leader 210 | . 30 . 40 . . 10 70 . 60 . Successful Hack 56 | . 6 . 3 . . . 25 6 16 . Disable Machine 195 | . . . 15 . . . 75 . 105 . Destroy Structure 132 | . . . 1 9 . 6 33 . 83 . Partial Spotted 15 | . . . . . . . . . 15 . Lose Combat Pursuer 525 | . 120 . 15 . . . 75 . 315 . Influence Decreases 2092 | 35 176 114 154 120 . 76 341 105 863 108 Entered New Map 408 | . . 104 35 68 . . . 95 38 68 Time Decay 1172 | 35 116 10 109 52 . 56 341 10 413 30 Search Patrol Dispatched 100 | . . . . . . . . . 100 . Lost Part 412 | . 60 . 10 . . 20 . . 312 10 Squads Dispatched 17 | . 3 . . . . . 2 . 12 . Investigation 1 | . . . . . . . 1 . . . Extermination 4 | . . . . . . . . . 4 . Reinforcement 11 | . 3 . . . . . . . 8 . Assault . | . . . . . . . . . . . Garrison 1 | . . . . . . . 1 . . . Intercept . | . . . . . . . . . . . Searches Triggered 1 | . . . . . . . . . 1 . Construction Impeded 3 | . . . . . . . . . 3 . Haulers Reinforced . | . . . . . . . . . . . Active Scanning Responses . | . . . . . . . . . . . Cargo Convoy Interrupts . | . . . . . . . . . . . Stealth | -11 -10 -10 -9 -9 -9 -8 -8 -7 -6 -6 --------- Run | Yrd Mat Min Mat Min Exi Min Mat Fac Fac Was Distress Signals 10 | . 2 . 3 1 . . 3 . 1 . Communications Jammed . | . . . . . . . . . . . Distress Signals . | . . . . . . . . . . . Times Spotted 113 | . 28 . 10 1 . 2 24 . 45 3 Peak Tracking Total 12 | . 12 . 6 1 . 2 5 . 10 3 Tactical Retreats 18 | . 4 . 1 . . . 3 . 10 . Traps | -11 -10 -10 -9 -9 -9 -8 -8 -7 -6 -6 ------- Run | Yrd Mat Min Mat Min Exi Min Mat Fac Fac Was Traps Triggered 3 | . . . . . . . 1 . 2 . Indirectly . | . . . . . . . . . . . Trap Hack Attempts . | . . . . . . . . . . . Triggered . | . . . . . . . . . . . Disarmed . | . . . . . . . . . . . Reprogrammed . | . . . . . . . . . . . Reused . | . . . . . . . . . . . Traps Reconfigurated 5 | . . . . . . . . . 5 . Traps Extracted . | . . . . . . . . . . . Installed . | . . . . . . . . . . . Triggered . | . . . . . . . . . . . Machines | -11 -10 -10 -9 -9 -9 -8 -8 -7 -6 -6 ---------- Run | Yrd Mat Min Mat Min Exi Min Mat Fac Fac Was Machines Disabled 13 | . . . 1 . . . 5 . 7 . Max in Single Turn 2 | . . . 1 . . . 2 . 2 . Machines Repaired . | . . . . . . . . . . . Machines Dismantled . | . . . . . . . . . . . Machines Sabotaged . | . . . . . . . . . . . Overloaded Fab Kills . | . . . . . . . . . . . Hacking | -11 -10 -10 -9 -9 -9 -8 -8 -7 -6 -6 --------- Run | Yrd Mat Min Mat Min Exi Min Mat Fac Fac Was Machines Accessed 18 | . 1 . 2 . 5 . 6 1 3 . Terminals 9 | . 1 . 1 . . . 4 1 2 . Fabricators . | . . . . . . . . . . . Repair Stations 1 | . . . 1 . . . . . . . Recycling Units 1 | . . . . . . . . . 1 . Scanalyzers 2 | . . . . . . . 2 . . . Garrison Access . | . . . . . . . . . . . Total Hacks 94 | . 2 . 6 . 50 . 27 3 6 . Successful 80 | . 1 . 3 . 50 . 23 1 2 . Failed 13 | . 1 . 3 . . . 3 2 4 . Catastrophic 7 | . 1 . 1 . . . 1 2 2 . Database Lockouts 1 | . . . . . . . 1 . . . Manual 22 | . 2 . 3 . 1 . 10 3 3 . Terminals 22 | . 2 . 4 . . . 10 3 3 . Fabricators . | . . . . . . . . . . . Repair Stations 2 | . . . 2 . . . . . . . Recycling Units 3 | . . . . . . . . . 3 . Scanalyzers 17 | . . . . . . . 17 . . . Garrison Access . | . . . . . . . . . . . Terminal Hacks 56 | . . . . . 50 . 6 . . . Record 50 | . . . . . 49 . 1 . . . Level Access Points 1 | . . . . . . . 1 . . . Terminal Index 1 | . . . . . . . 1 . . . Scanalyzer Index 1 | . . . . . . . 1 . . . Recall Investigation 1 | . . . . . . . 1 . . . Zone Layout 1 | . . . . . . . 1 . . . Proto ID Catalog 1 | . . . . . 1 . . . . . Fabricator Hacks . | . . . . . . . . . . . Repair Station Hacks 2 | . . . 2 . . . . . . . Scan Component 1 | . . . 1 . . . . . . . Repair 1 | . . . 1 . . . . . . . Recycling Unit Hacks 1 | . . . . . . . . . 1 . Retrieve Components 1 | . . . . . . . . . 1 . Scanalyzer 16 | . . . . . . . 16 . . . Insert Component 8 | . . . . . . . 8 . . . Analyze 7 | . . . . . . . 7 . . . Retrieve Study 1 | . . . . . . . 1 . . . Garrison Access Hacks . | . . . . . . . . . . . Unauthorized Hacks 5 | . 1 . 1 . . . 1 1 1 . Terminals 5 | . 1 . 1 . . . 1 1 1 . Assimilate 5 | . 1 . 1 . . . 1 1 1 . Fabricators . | . . . . . . . . . . . Repair Stations . | . . . . . . . . . . . Recycling Units . | . . . . . . . . . . . Scanalyzers . | . . . . . . . . . . . Garrison Access . | . . . . . . . . . . . Data Cores Recovered 2 | . . . 1 . . . 1 . . . Used . | . . . . . . . . . . . Hacking Detections 7 | . 1 . 1 . . . 3 1 1 . Full Trace Events 1 | . . . . . . . 1 . . . Feedback Events . | . . . . . . . . . . . Feedback Blocked . | . . . . . . . . . . . Robot Schematics Acquired . | . . . . . . . . . . . Robots Built . | . . . . . . . . . . . Authchips . | . . . . . . . . . . . Time . | . . . . . . . . . . . Total Robot Build Rating . | . . . . . . . . . . . Part Schematics Acquired 7 | . . . . . . . 7 . . . Parts Built . | . . . . . . . . . . . Authchips . | . . . . . . . . . . . Time . | . . . . . . . . . . . Total Part Build Rating . | . . . . . . . . . . . Part Studies Acquired 1 | . . . . . . . 1 . . . Parts Repaired 1 | . . . 1 . . . . . . . Time 26 | . . . 26 . . . . . . . Parts Recycled . | . . . . . . . . . . . Recycled Matter . | . . . . . . . . . . . Retrieved Matter . | . . . . . . . . . . . Retrieved Components 1 | . . . . . . . . . 1 . Parts Scanalyzed 7 | . . . . . . . 7 . . . Part Schematics Acquired 7 | . . . . . . . 7 . . . Parts Damaged 1 | . . . . . . . 1 . . . Bothacking | -11 -10 -10 -9 -9 -9 -8 -8 -7 -6 -6 ------------ Run | Yrd Mat Min Mat Min Exi Min Mat Fac Fac Was Used RIF Installer . | . . . . . . . . . . . Robots Hacked . | . . . . . . . . . . . Non-combat . | . . . . . . . . . . . Combat . | . . . . . . . . . . . Robot Hacks Applied . | . . . . . . . . . . . Relay Couplers Released . | . . . . . . . . . . . Fabnet Peak Effective % . | . . . . . . . . . . . Robots Rewired . | . . . . . . . . . . . Allies Hacked . | . . . . . . . . . . . Hacks Repelled . | . . . . . . . . . . . Allies | -11 -10 -10 -9 -9 -9 -8 -8 -7 -6 -6 -------- Run | Yrd Mat Min Mat Min Exi Min Mat Fac Fac Was Total Allies . | . . . . . . . . . . . Largest Group . | . . . . . . . . . . . Highest-Rated Group . | . . . . . . . . . . . Highest-Rated Ally . | . . . . . . . . . . . Total Orders 2 | . . . . . . . . . 2 . EXPLORE 1 | . . . . . . . . . 1 . RETURN 1 | . . . . . . . . . 1 . Ally Attacks . | . . . . . . . . . . . Total Damage . | . . . . . . . . . . . Kills . | . . . . . . . . . . . Allies Corrupted . | . . . . . . . . . . . Allies Melted . | . . . . . . . . . . . Intel | -11 -10 -10 -9 -9 -9 -8 -8 -7 -6 -6 ------- Run | Yrd Mat Min Mat Min Exi Min Mat Fac Fac Was Active Infowar (turns) 5158 | 69 225 22 234 246 739 1202 1393 39 989 . IFF 170 | . . . . . . . . . 170 . Terrain 4619 | . . . 200 246 739 1202 1393 39 800 . Structural 157 | . . . . . . . . . 157 . Seismic 479 | 69 225 22 163 . . . . . . . ECM 4 | . . . . . . . . . 4 . Robot Analysis Total . | . . . . . . . . . . . Derelict Logs Recovered 1 | . . . . 1 . . . . . . Drone Launches 2 | . . . . . . . . . 2 . Drone Recoveries 2 | . . . . . . . . . 2 . Exploration | -11 -10 -10 -9 -9 -9 -8 -8 -7 -6 -6 ------------- Run | Yrd Mat Min Mat Min Exi Min Mat Fac Fac Was Turns Passed 6277 | 166 290 25 234 246 739 1202 1393 39 1877 66 Spaces Moved 4338 | 94 122 22 152 176 815 659 670 33 1515 80 Core 159 | 5 . . . . . . . . 154 . Treads . | . . . . . . . . . . . Legs 2228 | 89 122 . . . . 656 670 33 658 . Wheels 1169 | . . 22 152 176 815 3 . . 1 . Hover 724 | . . . . . . . . . 673 51 Flight 58 | . . . . . . . . . 29 29 Fastest Speed 40 | 50 120 90 90 90 90 90 120 120 48 40 Average Speed 103 | 116 128 90 90 90 90 120 120 120 97 52 Slowest Speed 450 | 120 190 90 90 90 90 190 120 120 450 60 Overloaded Moves . | . . . . . . . . . . . Propulsion Burnouts . | . . . . . . . . . . . Robots Hopped . | . . . . . . . . . . . Potential Cave-ins . | . . . . . . . . . . . Cave-ins Triggered . | . . . . . . . . . . . Exploration Rate (%) 34 | 4 33 7 18 22 94 79 46 1 24 53 Regions Visited 10 Branch Regions 4 Pre-discovered Areas 2 | . . . . 1 1 . . . . . Known Exits Taken 2 | . . . . . . . 1 1 . . Unknown Exits Taken 7 | 1 1 1 1 1 1 1 . . . . Scrap Searched 2 | . . . . . . 2 . . . . Spaces Dug . | . . . . . . . . . . . Terrain Destroyed 143 | . . . . 9 . 6 30 . 98 . Melee . | . . . . . . . . . . . Projectile . | . . . . . . . . . . . AOE 143 | . . . . 9 . 6 30 . 98 . Terrain Rammed . | . . . . . . . . . . . Walls Destroyed . | . . . . . . . . . . . Machines Disabled . | . . . . . . . . . . . Actions | -11 -10 -10 -9 -9 -9 -8 -8 -7 -6 -6 --------- Run | Yrd Mat Min Mat Min Exi Min Mat Fac Fac Was Total 5789 | 122 181 26 212 260 821 1053 1195 32 1786 101 Wait 1091 | . 4 2 27 81 2 372 463 . 128 12 Move 4329 | 93 121 21 151 175 814 658 669 32 1515 80 Hop . | . . . . . . . . . . . Pick Up 25 | 7 . . 2 1 2 2 4 . 5 2 Fast Attach 46 | 7 2 . 1 . . . 4 . 28 4 Attach 22 | . 2 2 3 . . 2 1 . 12 . Detach 6 | . . . . . . . 1 . 5 . Swap 34 | 2 3 1 4 1 1 6 9 . 7 . Drop 21 | . 1 . 1 . 2 3 10 . 2 2 Fire 171 | 13 45 . 22 2 . 10 34 . 45 . Melee 27 | . . . . . . . . . 26 1 Ram 8 | . . . 1 . . . . . 7 . Kick 9 | . 3 . . . . . . . 6 . Crush . | . . . . . . . . . . . Escape Stasis . | . . . . . . . . . . . Rewire . | . . . . . . . . . . . Trap . | . . . . . . . . . . . Miscellaneous . | . . . . . . . . . . . Route ------- -11/Scrapyard -10/Materials -10/Mines -9/Materials -9/Mines -9/Exiles (discovered 2 exits: [*Min x2]) -8/Mines -8/Materials (discovered 4 exits: *Fac x3 / *Sto) -7/Factory -6/Factory -6/Waste History --------- Turn | Location | Event 2 | -11/Scrapyard | Met Revision 17 3 | -11/Scrapyard | Discovered new exit (range 16) 167 | -11/Scrapyard | Entered Materials 304 | -10/Materials | Build established: Mutant 431 | -10/Materials | Core integrity fell below 50% 441 | -10/Materials | Discovered new exit (range 9) 457 | -10/Materials | Entered Mines 462 | -10/Mines | Met a Derelict bent on vengeance 472 | -10/Mines | Discovered new exit (range 11) 482 | -10/Mines | Entered Materials 482 | -9/Materials | Evolved 2 slots: Propulsion x1, Utility x1 556 | -9/Materials | Repaired Aluminum Leg 693 | -9/Materials | Met 8R-AWN 710 | -9/Materials | Discovered new exit (range 4) 716 | -9/Materials | Entered Mines 735 | -9/Mines | Learned Materials emergency access door positions 749 | -9/Mines | YI-UF0 nonchalantly dropped a Grenade Launcher on the ground 771 | -9/Mines | Learned location of Storage (-8) 776 | -9/Mines | Assembled infested the area 868 | -9/Mines | Deemed a non-threat by the Exiles lab entrance 869 | -9/Mines | Discovered new exit (range 5) 962 | -9/Mines | Entered Exiles 976 | -9/Exiles | Discovered new exit (range 15) 1002 | -9/Exiles | Welcomed by 8R-AWN 1024 | -9/Exiles | Met EX-HEX 1078 | -9/Exiles | Met EX-DEC 1125 | -9/Exiles | Learned location of Zion (-7) 1210 | -9/Exiles | Discovered new exit (range 11) 1277 | -9/Exiles | Visited The Gauntlet 1446 | -9/Exiles | Met EX-BIN 1570 | -9/Exiles | Aligned with FarCom system 1570 | -9/Exiles | Given EX-Vault access code 1593 | -9/Exiles | Opened EX-Vault 1601 | -9/Exiles | Found Trap Reconfigurator 1621 | -9/Exiles | Warned to stay clear of 0b10 Research branches 1701 | -9/Exiles | Left Exiles lab with Trap Reconfigurator 1701 | -9/Exiles | Entered Mines 2007 | -8/Mines | Build established: Scavenger-Skirmisher 2886 | -8/Mines | Discovered new exit (range 9) 2903 | -8/Mines | Entered Materials 2903 | -8/Materials | Evolved 2 slots: Utility x1, Weapon x1 2911 | -8/Materials | Identified exit to Factory 3421 | -8/Materials | Central database locked down 3449 | -8/Materials | Garrison activated, responded to threat 4063 | -8/Materials | Discovered new exit (range 15) 4255 | -8/Materials | Identified exit to Storage 4296 | -8/Materials | Entered Factory 4296 | -7/Factory | Evolved 2 slots: Utility x1, Weapon x1 4325 | -7/Factory | Discovered new exit (range 9) 4334 | -7/Factory | Identified exit to Factory 4335 | -7/Factory | Entered another Factory area 4335 | -6/Factory | Evolved 2 slots: Propulsion x1, Utility x1 4449 | -6/Factory | Build established: Scavenger-Assassin 4955 | -6/Factory | Lost 3 parts (1n1u1w) 5088 | -6/Factory | Lost 7 parts (1p1n3u2w) 5207 | -6/Factory | Lost 3 parts (1n1u1w) 5447 | -6/Factory | Core integrity fell below 50% 5471 | -6/Factory | Lost 9 parts (3n4u2w) 5978 | -6/Factory | Core integrity fell below 20% 6021 | -6/Factory | System corruption reached 10% 6023 | -6/Factory | Lost 5 parts (3n2w) 6068 | -6/Factory | Released all parts (3) 6085 | -6/Factory | Search patrols dispatched 6092 | -6/Factory | Build established: Mutant 6099 | -6/Factory | Lost 3 parts (1p1n1u) 6212 | -6/Factory | Sucked down chute 6212 | -6/Factory | Entered Waste 6248 | -6/Waste | Spotted C-40 Crusher 6259 | -6/Waste | Spotted C-40 Crusher 6271 | -6/Waste | Spotted C-40 Crusher 6275 | -6/Waste | Spotted C-40 Crusher 6278 | -6/Waste | Crushed by Compactor (1 part destroyed, 2 dropped) 6278 | -6/Waste | Destroyed by C-40 Crusher with Compactor Last Messages --------------- 06212_ Triggered Chute Trap. 06212_ A hatch slides open and sucks a vortex of air into the floor. LOCATION=UNKNOWN GOAL=ESCAPE 06212_ Receiving FarCom transmissions... 06215_ Acquired Graphene Brace. 06218_ Sneak attack on H-66 Slayer. 06218_ H-66 Slayer destroyed. 06221_ Acquired 68 matter. 06222_ Acquired Phase Shifter. 06224_ Acquired Flexi-carbon Leg. 06226_ Acquired Dispersion Rifle. 06228_ Dropped Dispersion Rifle. 06240_ Dropped Power Sword. 06241_ Acquired Dispersion Rifle. 06259_ System corrupted: Heat flow error (+132). 06265_ Acquired Field Propulsion Array. 06278_ Phase Shifter crushed. 06278_ Imp. Gravmag System crushed. 06278_ Graphene Brace crushed. Map ----- +----------------------------------------------------+ | ???????????????????????????????????????????????? | | ???????????????????????????????????????????????? | | ???????????????????????????????????????????????? | | ???????????????????????????????????????????????? | | ???????????????????????????????????????????????? | | ???????######??????######??????????????????????? | | #??????# #??????# #??????????????????????? | | #??????# #??????# #??????????????????????? | | #??????# #??????# #??????????????????????? | | #??????# #??????# #??????????????????????? | | ######## ######## #??????????????????????? | | ] #??????????????????????? | | #??????????????????????? | | #??????????????????????? | | #??????????????????????? | | ######## ######## #??????????????????????? | | #??????# #??????# #??????????????????????? | | #??????# #??????# #??????????????????????? | | #??????# #??????# #??????????????????????? | | #??????# #??????# #??????????????????????? | | #??????# #??????# #??????????????????????? | | #??????# #??????# #??????????????????????? | | #??????# #??????# #??????????????????????? | | #??????# #??????# #??????????????????????? | | #??????# #??????#] !#??????????????????????? | | #??????? #??????# CC@#??????????????????????? | | #??????? #??????# CC #??????????????????????? | | #??????? ???????# #??????????????????????? | | ######## ???????# #??????????????????????? | | ?????? CC ?????????????????????? | | ????? CC ????????????????????? | | ???? ???????????????????? | | ??? ??????????????????? | | ######## ??###### ######?????????????????? | | #??????????????????# #??????????????????????? | | #??????????????????# #??????????????????????? | | #??????????????????# #??????????????????????? | | #??????????????????# #??????????????????????? | | ###??????????????????######??????????????????????? | | ?????????????????????????????????????????????????? | | ?????????????????????????????????????????????????? | | ?????????????????????????????????????????????????? | | ?????????????????????????????????????????????????? | | ?????????????????????????????????????????????????? | | ?????????????????????????????????????????????????? | | ?????????????????????????????????????????????????? | | ?????????????????????????????????????????????????? | | ?????????????????????????????????????????????????? | | ?????????????????????????????????????????????????? | | ?????????????????????????????????????????????????? | +----------------------------------------------------+ Best States ------------- Heat Dissipation 45 Energy Generation 16 Energy Capacity 290 Matter Stores 300 Matter Capacity 300 Sight Range 16 Terrain Scan Range 16 Terrain Scan Density 10 Additional Mass Support 9 Armor Coverage 225 Resistance: KI 20 Weapon Cycling 15 Phase Shifting 5 Evasion (%) 62 Melee Accuracy 8 Item Schematics ----------------- Minigun | -8/Materials | Scanalyzed Deuterium Engine | -8/Materials | Scanalyzed Aluminum Leg | -8/Materials | Scanalyzed Imp. Heat Sink | -8/Materials | Scanalyzed Mining Laser | -8/Materials | Scanalyzed Lgt. Assault Rifle | -8/Materials | Scanalyzed Greatsword | -8/Materials | Scanalyzed Robot Schematics ------------------ None Fabricated ------------ Nothing Repaired ---------- Aluminum Leg | 17% | -9/Materials Studied --------- Minigun | -8/Materials | Hacked Alien Tech Used ----------------- None Achievements -------------- Follow The Leader Heavy Suspicion Sixth Sense Suspicious You Again Challenges ------------ None Game ------ Seed GravitonInertialFlail Manual? 0 Play Time 01:06:48 Cumulative 29.9 hours Start 2026.04.23 @ 17:52:56 End 2026.04.24 @ 17:35:24 Sessions 7 Manual Loads 0 Difficulty Rogue Special Mode None Game No. 40 Rogue 40 Adventurer 0 Explorer 0 Win Type - Total 0 Types 0/0/0/0/0/0/0/0/0/0 Lore% 17 Gallery% 27 Achievement% 22 Wizard Run 0 Options --------- Layout 1 ASCII 0 Keyboard 1 Movement Numpad Keybinds 0 Fullscreen 0 Font 28/SmallcapsGlow Map View 90x40 Zoom Use 1% Tactical HUD 1 Map Filters NONE Filters NONE Steam 1 RUN: 8663b701-b7a3-4c76-83d6-ac4bd4d74cbc